 Dungeon Crawl Stone Soup version 0.18.1-48-g4cf74bf (webtiles) character file.

136452 theElss the Bludgeoner (level 16, -6/157 HPs)
             Began as a Gargoyle Berserker on July 3, 2016.
             Was the Champion of Trog.
             Mangled by a redback (10 damage)
             ... on level 1 of the Spider Nest.
             The game lasted 02:17:50 (33140 turns).

theElss the Bludgeoner (Gargoyle Berserker)        Turns: 33140, Time: 02:17:52

Health: -6/157     AC: 35    Str: 32    XL:     16   Next: 90%
Magic:  0/20       EV:  9    Int:  7    God:    Trog [******]
Gold:   2622       SH:  0    Dex: 18    Spells: 0 memorised, 15 levels left

rFire  + . .     SeeInvis +     B - +4 eveningstar (drain)
rCold  . . .     Gourm    .     q - +0 plate armour
rNeg   + . .     Faith    .     c - +2 shield
rPois  ∞         Spirit   +     C - +1 hat {Spirit}
rElec  +         Dismiss  .     Z - +2 cloak
rCorr  .         Reflect  .     h - +0 pair of gloves {Dex+3}
SustAt .         Harm     .     T - +1 pair of boots
MR     +....                    (no amulet)
Stlth  ..........               z - ring of protection from fire
                                E - ring "Opricolo" {rElec Dex+4 SInv}

@: confused, berserking (expiring), flying, very quick, somewhat resistant to
hostile enchantments, extremely unstealthy
A: big wings, negative energy resistance 1, electricity resistance, unbreathing,
petrification resistance, rot immunity, AC +11
a: Stop Flying, Berserk, Trog's Hand, Brothers in Arms, Burn Spellbooks,
Renounce Religion
}: 1/15 runes: barnacled


You were on level 1 of the Spider Nest.
You worshipped Trog.
Trog was exalted by your worship.
You were hungry.

You visited 5 branches of the dungeon, and saw 26 of its levels.
You also visited: Ice Cave.

You collected 2622 gold pieces.

Inventory:

Hand Weapons
 B - a +4 eveningstar of draining (weapon)
 R - a +3 antimagic demon whip
Armour
 c - a +2 shield (worn)
 h - a +0 pair of gloves of dexterity (worn)
 q - a +0 plate armour (worn)
 C - a +1 hat of spirit shield (worn)
 T - a +1 pair of boots (worn)
 Z - a +2 cloak (worn)
Jewellery
 p - an uncursed ring of sustain attributes
 z - a ring of protection from fire (right hand)
 A - an uncursed amulet of dismissal
 E - the ring "Opricolo" (left hand) {rElec Dex+4 SInv}
   (You found it on level 9 of the Dungeon)

   [ring of see invisible]

   It affects your dexterity (+4).
   It insulates you from electricity.
   It lets you see invisible.
 U - an uncursed ring of protection from cold
 Y - an uncursed ring of resist corrosion
Wands
 e - a wand of flame (17/48)
 m - a wand of lightning (9/15)
 n - a wand of iceblast (7/15)
 w - a wand of teleportation (3/9)
 D - a wand of enslavement (15/24)
Scrolls
 d - 11 scrolls of remove curse
 j - 6 scrolls of fog
 o - 7 scrolls of teleportation
 r - 2 scrolls of identify
 u - 3 scrolls of blinking
 v - 4 scrolls of fear
 J - a scroll of silence
 N - 4 scrolls of recharging
 W - a scroll of magic mapping
Potions
 x - 8 potions of curing
 H - a potion of resistance
 L - a potion of invisibility
 O - 2 potions of magic
 P - 4 potions of heal wounds
Miscellaneous
 g - a fan of gales
 l - a lamp of fire
 y - a lamp of fire
 F - a phial of floods
Comestibles
 b - a fruit
 i - 5 meat rations
 s - a royal jelly
 t - 2 bread rations


   Skills:
 - Level 13.7 Fighting
 - Level 18.1 Maces & Flails
   Level 2.0 Polearms
 - Level 12.8 Armour
 - Level 1.5 Dodging
 - Level 15.0 Shields
 + Level 6.4 Evocations


You had 15 spell levels left.
You didn't know any spells.

Dungeon Overview and Level Annotations

Branches:
Dungeon (11/15)            Temple (0/1) D:5            Lair (8/8) D:9
 Shoals (4/4) Lair:3       Spider (1/4) Lair:6        Slime (0/6) Lair:6
    Orc (2/2) D:9             Elf (0/3) Orc:2

Altars:
Cheibriados
Elyvilon
Fedhas
Kikubaaqudgha
Okawaru
Pakellas
Qazlal
Trog
Xom
Beogh

Shops:
D:11 %   Orc:1 (   Orc:2 [**?   Shoals:4 :

Portals:
Trove: D:11 (give potion of experience)

Annotations:
Shoals:3 Mara


Innate Abilities, Weirdness & Mutations

You are resistant to torment.
Your stone body is resilient (AC +11).
You are immune to poison.
Your large and strong wings let you fly indefinitely.
You resist negative energy.
You are resistant to electric shocks.
You can survive without breathing.
You are immune to petrification.
You are immune to rotting.


Message History

The tarantella bites you but does no damage.
A redback comes into view.
You are too berserk!
Unknown command.
You bludgeon the tarantella!! You drain the tarantella!
The tarantella is almost dead.
The redback bites you but does no damage.
The tarantella completely misses you.
The redback bites you but does no damage.
The jumping spider pounces on you but does no damage.
The jumping spider bites you but does no damage.
The redback bites you but does no damage.
You're too confused to move!
The redback bites you but does no damage.
The tarantella bites you but does no damage.
The jumping spider pounces on you but does no damage.
The jumping spider barely misses you.
The redback bites you but does no damage.
The redback bites you!
You die...

.................
..^..............
.................
...^.............
.................
.......<.........
...............!.
........ss.......
.......s@........
.......ss.......^
.................
.................
........s........
................
.....s..........
...............


You could see a jumping spider, 2 tarantellas and 4 redbacks.

Vanquished Creatures
  Jorgrun (Shoals:4)
  Polyphemus (Shoals:2)
  A frost giant (IceCv)
  An orc warlord (Orc:1)
  8 merfolk javelineers
  5 merfolk impalers
  4 hydras
  Harold (Lair:4)
  A catoblepas (Shoals:2)
  The ghost of Belterius the Fighter, a novice MiBe of Trog (D:11)
  Erolcha (D:8)
  Erica (D:9)
  An alligator snapping turtle (Shoals:2)
  2 merfolk avatars
  A satyr (Shoals:3)
  3 merfolk aquamancers (Shoals:4)
  The ghost of Wotyn the Cleaver, a novice HOFi of Okawaru (D:11)
  6 death yaks
  8 orc high priests (Orc:2)
  9 sea snakes
  18 harpies
  An orc knight (Orc:2)
  2 orc sorcerers (Orc:2)
  4 fauns
  10 griffons
  A wolf spider (Lair:6)
  11 elephants
  A moth of wrath (Spider:1)
  8 manticores
  3 black mambas
  5 sirens
  An ice statue (IceCv)
  A torpor snail (Lair:4)
  4 water nymphs (Shoals:4)
  2 rime drakes
  10 spiny frogs
  6 komodo dragons
  2 centaur skeletons
  13 merfolk
  15 polar bears (IceCv)
  5 trolls
  2 giant leeches (Lair:8)
  A queen bee (D:8)
  3 jumping spiders (Lair:6)
  4 wind drakes (Shoals:4)
  11 snapping turtles
  37 blink frogs
  Sigmund (D:6)
  A centaur simulacrum (D:10)
  38 yaks
  2 redbacks
  A tarantella (Spider:1)
  3 wyverns
  7 water elementals
  A basilisk (Lair:8)
  3 fire bats (Lair:4)
  10 hippogriffs
  A steam dragon (D:10)
  6 vampire mosquitoes (Lair:8)
  Eustachio (D:4)
  5 wargs (Orc:2)
  A soldier ant (D:11)
  Duvessa (D:6)
  13 water moccasins
  5 porcupines
  A black bear (D:6)
  8 necrophages
  4 phantoms
  30 orc warriors
  4 ice beasts
  A wasp (D:11)
  5 sky beasts
  14 ogres
  21 wolves
  6 centaurs
  2 big kobolds
  15 crocodiles
  28 giant frogs
  Dowan (D:6)
  4 scorpions
  14 killer bees (D:8)
  A howler monkey (D:9)
  19 wights
  8 electric eels
  2 giant frog zombies (D:10)
  5 crimson imps
  A wasp zombie (D:8)
  16 jellies
  3 lava snakes (Lair:7)
  33 orc priests
  2 centaur zombies (D:10)
  3 hounds
  13 orc wizards
  2 iguanas
  6 worker ants
  30 sheep
  A hound zombie (D:10)
  2 hound skeletons
  2 worker ant zombies
  A howler monkey skeleton (D:6)
  3 gnolls
  7 adders
  21 river rats
  2 shadow imps (D:7)
  3 oozes
  3 adder skeletons
  An adder zombie (D:7)
  A dart slug (D:3)
  4 worms
  5 giant geckos
  112 orcs
  7 giant cockroaches
  8 goblins
  6 hobgoblins
  7 jackals
  14 kobolds
  3 quokkas
  A ball python (D:3)
  9 bats
  A giant gecko skeleton (D:6)
  2 giant gecko zombies (D:6)
  2 giant newts
  8 rats
  2 bushes (D:10)
  3 plants
881 creatures vanquished.

Vanquished Creatures (collateral kills)
  Ilsuiw (Shoals:3)
  A merfolk impaler (Shoals:4)
  A merfolk avatar (Shoals:4)
  An alligator snapping turtle (Shoals:4)
  A cyclops (Shoals:3)
  3 sirens (Shoals:3)
  A water nymph (Shoals:4)
  2 merfolk
  A snapping turtle (Shoals:4)
12 creatures vanquished.

Vanquished Creatures (others)
  16 fungi
  14 plants
30 creatures vanquished.

Grand Total: 923 creatures vanquished

Notes
Turn   | Place    | Note
--------------------------------------------------------------
     0 | D:1      | theElss the Gargoyle Berserker began the quest for the Orb.
     0 | D:1      | Reached XP level 1. HP: 14/14 MP: 1/1
   427 | D:1      | Reached XP level 2. HP: 18/19 MP: 2/2
  1021 | D:2      | Reached skill level 4 in Maces & Flails
  1096 | D:2      | Reached XP level 3. HP: 23/23 MP: 3/3
  1105 | D:2      | Reached ** piety under Trog
  1607 | D:2      | Reached XP level 4. HP: 27/28 MP: 4/4
  1880 | D:3      | Reached skill level 5 in Maces & Flails
  1935 | D:3      | HP: 1/28 [orc/hand axe of distortion (18)]
  2339 | D:3      | Reached *** piety under Trog
  2352 | D:3      | Reached XP level 5. HP: 32/32 MP: 5/5
  2489 | D:4      | Noticed an ice beast
  2505 | D:4      | Killed an ice beast
  2505 | D:4      | Reached skill level 6 in Maces & Flails
  2505 | D:4      | Reached XP level 6. HP: 37/37 MP: 6/6
  2539 | D:4      | Noticed an orc warrior
  2553 | D:4      | Killed an orc warrior
  2553 | D:4      | Reached skill level 7 in Maces & Flails
  2863 | D:4      | Found a white marble altar of Elyvilon.
  2884 | D:4      | Reached XP level 7. HP: 39/41 MP: 7/7
  2916 | D:4      | Reached skill level 8 in Maces & Flails
  3568 | D:4      | Reached skill level 9 in Maces & Flails
  3632 | D:4      | Noticed Eustachio
  3642 | D:4      | Killed Eustachio
  3642 | D:4      | Reached XP level 8. HP: 46/46 MP: 8/8
  3755 | D:5      | Entered Level 5 of the Dungeon
  3845 | D:5      | Found a staircase to the Ecumenical Temple.
  4042 | D:5      | Reached skill level 10 in Maces & Flails
  4670 | D:6      | Found an ancient bone altar of Kikubaaqudgha.
  4671 | D:6      | Found a blossoming altar of Fedhas.
  4748 | D:6      | Noticed Sigmund
  4756 | D:6      | Killed Sigmund
  4756 | D:6      | Reached skill level 11 in Maces & Flails
  5157 | D:6      | Reached XP level 9. HP: 44/51 MP: 9/9
  5202 | D:6      | Noticed Dowan
  5203 | D:6      | Noticed Duvessa
  5218 | D:6      | Killed Duvessa
  5224 | D:6      | Killed Dowan
  5822 | D:7      | Reached skill level 12 in Maces & Flails
  6036 | D:7      | Reached **** piety under Trog
  6568 | D:7      | Found an iron altar of Okawaru.
  6628 | D:7      | Reached skill level 13 in Maces & Flails
  7310 | D:8      | Found a stormy altar of Qazlal.
  7310 | D:8      | Found an oddly glowing altar of Pakellas.
  7340 | D:8      | Reached XP level 10. HP: 56/56 MP: 10/10
  7523 | D:8      | Reached skill level 14 in Maces & Flails
  7588 | D:8      | Found a bloodstained altar of Trog.
  7811 | D:8      | Noticed Erolcha
  7823 | D:8      | Killed Erolcha
  8235 | D:8      | Reached skill level 15 in Maces & Flails
  8452 | D:9      | Found a staircase to the Orcish Mines.
  8590 | D:9      | Got a sparkling tin ring
  8646 | D:9      | Noticed Erica
  8657 | D:9      | Killed Erica
  8657 | D:9      | Reached XP level 11. HP: 60/60 MP: 11/11
  8750 | D:9      | Found a snail-covered altar of Cheibriados.
  8889 | D:9      | Found a staircase to the Lair.
  8993 | D:9      | Found an oddly glowing altar of Pakellas.
  9112 | D:10     | Entered Level 10 of the Dungeon
  9139 | D:10     | Reached skill level 16 in Maces & Flails
  9537 | D:10     | Identified the ring "Opricolo" {rElec Dex+4 SInv} (You found it on level 9 of the Dungeon)
  9749 | D:10     | Reached ***** piety under Trog
  9935 | D:10     | Got a clouded copper amulet
  9936 | D:10     | Identified the amulet "Wukyiregy" {RegenMP rPois rN++ Str-4 SInv} (You found it on level 10 of the Dungeon)
  9980 | D:10     | Found a blossoming altar of Fedhas.
 10521 | D:11     | Found a frozen archway.
 10565 | IceCv    | Entered an ice cave
 10687 | IceCv    | Reached skill level 17 in Maces & Flails
 10921 | IceCv    | Received a gift from Trog
 11169 | IceCv    | Reached XP level 12. HP: 51/64 MP: 4/12
 11384 | IceCv    | Reached skill level 18 in Maces & Flails
 11984 | IceCv    | Noticed a death yak
 11984 | IceCv    | Noticed a frost giant
 11984 | IceCv    | Noticed a death yak
 12005 | IceCv    | Killed a death yak
 12005 | IceCv    | Reached skill level 5 in Fighting
 12014 | IceCv    | Killed a frost giant
 12020 | IceCv    | Killed a death yak
 12020 | IceCv    | Reached skill level 5 in Armour
 12648 | D:11     | Noticed Wotyn's ghost (novice HOFi)
 12684 | D:11     | Killed Wotyn's ghost
 12733 | D:11     | Found Qeh Soagroi's Food Emporium.
 12771 | D:11     | Found a portal to a secret trove of treasure.
 12895 | D:11     | Noticed Belterius's ghost (novice MiBe)
 12951 | D:11     | Killed Belterius's ghost
 13350 | Lair:1   | Entered Level 1 of the Lair of Beasts
 13589 | Lair:1   | Reached XP level 13. HP: 27/79 MP: 4/13
 14361 | Lair:2   | Identified the Papyrus of Shifting Translocation
 15479 | Lair:1   | Got an iridescent war axe
 15500 | Lair:1   | Identified the cursed +2 war axe of Agony {freeze, rN+} (You found it on level 1 of the Lair of Beasts)
 15928 | Lair:3   | Got a warped trident
 16020 | Lair:3   | Identified a scroll of acquirement
 16246 | Lair:3   | Found a staircase to the Shoals.
 16432 | Lair:4   | Noticed Harold
 16448 | Lair:4   | Killed Harold
 16686 | Lair:4   | Reached skill level 10 in Fighting
 16782 | Lair:4   | Found a runed door.
 16999 | Lair:4   | Got a steaming robe
 17010 | Lair:4   | Identified the +1 robe of the Leaf {Dex+3} (You found it on level 4 of the Lair of Beasts)
 17078 | Lair:4   | Found a dark tunnel.
 17176 | Lair:4   | Reached ****** piety under Trog
 17970 | Lair:5   | Found a snail-covered altar of Cheibriados.
 18352 | Lair:6   | Found a staircase to the Slime Pits.
 18396 | Lair:6   | Reached skill level 10 in Armour
 18573 | Lair:6   | Identified the +1 trident "Vuuceus" {flame, +Fly rF++ rC+ Dex-5} (You found it on level 3 of the Lair of Beasts)
 19056 | Lair:3   | Received a gift from Trog
 19272 | Lair:6   | Found a hole to the Spider Nest.
 19938 | Lair:7   | Gained mutation: Your large and strong wings let you fly indefinitely. [Gargoyle growth]
 19938 | Lair:7   | Reached XP level 14. HP: 54/91 MP: 9/14
 20419 | Lair:7   | Found a shimmering altar of Xom.
 20734 | Lair:8   | Entered Level 8 of the Lair of Beasts
 21144 | Lair:8   | Received a gift from Trog
 22585 | Lair:8   | Received a gift from Trog
 23123 | Orc:1    | Entered Level 1 of the Orcish Mines
 23123 | Orc:1    | Found a roughly hewn altar of Beogh.
 23589 | Orc:2    | Entered Level 2 of the Orcish Mines
 23603 | Orc:2    | Found a staircase to the Elven Halls.
 23684 | Orc:2    | Noticed an orc warlord
 23722 | Orc:1    | Killed an orc warlord
 23780 | Orc:1    | Reached skill level 1 in Shields
 23926 | Orc:2    | HP: 3/142 [orc warrior/mace[an orc warlord] (5)]
 24300 | Orc:1    | Found Judiasush's Weapon Shop.
 24431 | Orc:2    | Received a gift from Trog
 24737 | Orc:2    | Found a bloodstained altar of Trog.
 24904 | Orc:2    | Reached XP level 15. HP: 100/100 MP: 5/15
 24928 | Orc:2    | Reached skill level 5 in Shields
 25574 | Orc:2    | Received a gift from Trog
 25725 | Orc:2    | Found Zuw Coz's Magic Scroll Shoppe.
 25725 | Orc:2    | Found Niwon's Assorted Antiques.
 25903 | Orc:2    | Found a roughly hewn altar of Beogh.
 26280 | Orc:2    | Found Gysuw's Assorted Antiques.
 26280 | Orc:2    | Found Uqame's Armour Shop.
 26693 | Shoals:1 | Entered Level 1 of the Shoals
 26992 | Shoals:1 | Received a gift from Trog
 27159 | Shoals:1 | Reached skill level 10 in Shields
 28932 | Shoals:2 | Noticed Polyphemus
 29500 | Shoals:2 | Killed Polyphemus
 29500 | Shoals:2 | Reached XP level 16. HP: 41/105 MP: 2/16
 29881 | Shoals:3 | Noticed Ilsuiw
 29926 | Shoals:3 | Killed Ilsuiw
 30390 | Shoals:3 | Noticed Mara
 30411 | Shoals:4 | Entered Level 4 of the Shoals
 30826 | Shoals:4 | Noticed Jorgrun
 30844 | Shoals:4 | Killed Jorgrun
 31423 | Shoals:4 | Received a gift from Trog
 31459 | Shoals:4 | Reached skill level 15 in Shields
 31468 | Shoals:4 | Reached skill level 1 in Evocations
 31484 | Shoals:4 | HP: 5/105 [snapping turtle (8)]
 31636 | Shoals:4 | Found Vyseiji's Book Shoppe.
 31824 | Shoals:4 | Got a faintly glowing spear
 31857 | Shoals:4 | Reached skill level 1 in Polearms
 32229 | Shoals:4 | Reached skill level 5 in Evocations
 32247 | Shoals:4 | Got a barnacled rune of Zot
 32865 | Lair:2   | Identified the +4 spear of Meagh {freeze, +Inv rPois MR+ Str-5} (You found it on level 4 of the Shoals)
 32979 | Spider:1 | Entered Level 1 of the Spider Nest
 33138 | Spider:1 | HP: 3/157 [tarantella (8)]
 33140 | Spider:1 | Mangled by a redback

Skill      XL: |  1  2  3  4  5  6  7  8  9 10 11 12 13 14 15 16 |
---------------+-------------------------------------------------+-----
Maces & Flails | 4 5 6 7 9 11 13 15 17 18 | 18.1
Fighting       | 8 11 13 | 13.7
Armour         | 7 10 12 | 12.8
Shields        | 4 12 15 | 15.0
Evocations     | 6 |  6.4
Polearms       | 2 |  2.0
Dodging        | |  1.5

Action                   |  1- 3 |  4- 6 |  7- 9 | 10-12 | 13-15 | 16-18 || total
-------------------------+-------+-------+-------+-------+-------+-------++-------
Melee: Mace              |    53 |       |       |       |       |       ||    53
       Whip              |    52 |   121 |   477 |   633 |   405 |       ||  1688
       Dire flail        |       |       |       |   200 |       |       ||   200
       Demon whip        |       |       |       |   292 |  1970 |   337 ||  2599
       Eveningstar       |       |       |       |       |       |   191 ||   191
Invok: Berserk           |       |     2 |     4 |     9 |     6 |     4 ||    25
       Trog's Hand       |       |       |       |     2 |       |     3 ||     5
       Brothers in Arms  |       |       |       |       |       |     2 ||     2
 Abil: Fly               |       |       |       |       |     1 |       ||     1
  Use: Scroll            |     1 |     5 |     5 |    11 |    14 |     1 ||    37
       Potion            |       |       |       |       |       |     5 ||     5
 Stab: Petrifying        |       |       |       |       |     5 |       ||     5
       Petrified         |       |       |       |       |     2 |       ||     2
       Distracted        |       |       |       |       |       |     1 ||     1
  Eat: Chunk             |     2 |     6 |    18 |    28 |    53 |    14 ||   121
       Fruit             |       |       |     1 |       |     2 |     1 ||     4
       Pizza             |       |       |       |       |     2 |     1 ||     3
       Royal jelly       |       |       |       |       |     1 |       ||     1
Armor: Animal skin       |    25 |       |       |       |       |       ||    25
       Scale mail        |    39 |    54 |     9 |       |       |       ||   102
       Plate armour      |       |       |   181 |   510 |  1398 |   409 ||  2498
Dodge: Dodged            |    57 |    59 |    88 |   230 |   631 |   174 ||  1239
Block: Shield            |       |       |       |       |   628 |   406 ||  1034
